 Dungeon Crawl Stone Soup version 0.28-a0-245-g639a1a48b9 (webtiles) character file.

Game seed: 9480520837472536822

19 RePankoism the Sneak (level 2, 0/15 HPs)
             Began as a Kobold Enchanter on Aug 24, 2021.
             Slain by a kobold (2 damage)
             ... on level 2 of the Dungeon.
             The game lasted 00:02:53 (811 turns).

RePankoism the Sneak (Kobold Enchanter)              Turns: 811, Time: 00:02:54

Health: 0/15       AC:  2    Str:  5    XL:     2   Next: 95%
Magic:  5/5        EV: 15    Int: 16    God:
Gold:   65         SH:  0    Dex: 15    Spells: 5/5 levels left

rFire   . . .      SeeInvis .   a - +1 dagger
rCold   . . .      Faith    .   (shield restricted)
rNeg    . . .      Spirit   .   b - +0 robe
rPois   .          Reflect  .   (no helmet)
rElec   .          Harm     .   (no cloak)
rCorr   .          Rampage  .   (no gloves)
Will    .....                   (no boots)
Stlth   ++++......              (no amulet)
HPRegen 0.05/turn               (no ring)
MPRegen 0.09/turn               (no ring)

@: no status effects
A: small, no large weapons, nightstalker 3
a: no special abilities


You were on level 2 of the Dungeon.
You visited 1 branch of the dungeon, and saw 2 of its levels.

You collected 65 gold pieces.

Inventory:

Hand Weapons
 a - a +1 dagger (weapon)
Missiles
 i - 6 javelins
 k - a throwing net
 l - 13 poisoned darts
Armour
 b - a +0 robe (worn)
Jewellery
 d - a ring of wizardry
Scrolls
 g - a scroll of blinking {unknown}
Potions
 c - a potion of invisibility
 e - a potion of curing {unknown}


   Skills:
 - Level 1.3 Short Blades
 - Level 2.4 Dodging
 + Level 5.5 Stealth
 - Level 2.1 Spellcasting
 - Level 3.0 Hexes


You had 5 spell levels left.
You didn't know any spells.
Your spell library contained the following spells:

 Spells                   Type           Power      Damage    Failure   Level
 Ensorcelled Hibernation  Hex/Ice        12%        N/A       17%         2
 Confusing Touch          Hex            11%        N/A       19%         3
 Tukima's Dance           Hex            11%        N/A       19%         3
 Dazzling Flash           Conj/Hex       12%        N/A       32%         3


Dungeon Overview and Level Annotations

Branches:
Dungeon (2/15)

Altars:


Innate Abilities, Weirdness & Mutations

You are small and have problems with some larger weapons.
You are completely attuned to the shadows.


Message History

The kobold is heavily wounded.
The kobold closely misses you. The kobold hits you but does no damage.
You hit the kobold but do no damage.
The kobold is heavily wounded.
The kobold closely misses you. The kobold barely misses you.
You miss the kobold.
The kobold is heavily wounded.
The kobold hits you with a +1 dagger of pain.
* * * LOW HITPOINT WARNING * * *
The kobold misses you.
You feel much better. The kobold misses you. x2
You closely miss the kobold.
The kobold is heavily wounded.
The kobold barely misses you. The kobold hits you with a +0 dagger.
You hit the kobold but do no damage.
The kobold is heavily wounded.
The kobold barely misses you. The kobold hits you with a +0 dagger.
You completely miss the kobold.
The kobold is heavily wounded.
The kobold hits you with a +1 dagger of pain.
The kobold barely misses you.
You barely miss the kobold.
The kobold is heavily wounded.
The kobold hits you but does no damage. The kobold completely misses you.
You miss the kobold.
The kobold is heavily wounded.
The kobold barely misses you. The kobold hits you with a +0 dagger.
You hit the kobold.
The kobold is severely wounded.
The kobold hits you but does no damage. The kobold barely misses you.
You hit the kobold but do no damage.
The kobold is severely wounded.
The kobold hits you with a +1 dagger of pain.
* * * LOW HITPOINT WARNING * * *
The kobold hits you with a +0 dagger.
* * * LOW HITPOINT WARNING * * *
You hit the kobold but do no damage.
The kobold is severely wounded.
The kobold hits you with a +1 dagger of pain.
You die...

....# ###.#.
# .... .#
.###.####...
...?wK@K....
..###.####.##
.....†# ..
......[... .
..#####... .
... ..


You could see a worm and 2 kobolds.

Vanquished Creatures
  2 dart slugs (D:1)
  2 ball pythons
  A giant cockroach (D:1)
  A goblin (D:1)
  4 hobgoblins
  A quokka (D:1)
  A bat (D:1)
  A frilled lizard (D:1)
13 creatures vanquished.

Notes
Turn   | Place    | Note
-------+----------+-------------------------------------------
     0 | D:1      | RePankoism the Kobold Enchanter began the quest for the
                  | Orb.
     0 | D:1      | Reached XP level 1. HP: 10/10 MP: 3/3
   131 | D:1      | Found a faded altar of an unknown god.
   296 | D:1      | Reached XP level 2. HP: 15/15 MP: 5/5
   313 | D:1      | Reached skill level 5 in Stealth
   811 | D:2      | Slain by a kobold

Illustrated notes

Levels and vault maps discovered:
D:1:      lightli_arrival_quake, layout_rooms, chequers_ecumenical_altar_grove
D:2:      minmay_skewed_foursquare, layout_basic, serial_shops,
          nicolae_shop_statue_plus, uniq_terence

Skill      XL: |  1  2 |
---------------+-------+-----
Stealth        | 5 |  5.5
Short Blades   | |  1.3
Dodging        | |  2.4
Spellcasting   | |  2.1
Hexes          | |  3.0

Action                   || total
-------------------------++-------
Melee: Dagger            ||    62
  Use: Scroll            ||     2
       Potion            ||     2
 Stab: Sleeping          ||     9
Armor: Robe              ||     9
Dodge: Dodged            ||    62

Table legend: (Time is in decaauts)
 A = Elapsed time spent in this place.
 B = Non-inter-level travel time spent in this place.
 C = Inter-level travel time spent in this place.
 D = Time resting spent in this place.
 E = Time spent auto-exploring this place.
 F = Levels seen in this place.
 G = Mean time per level.
                   A        B        C        D        E       F      G
               +--------+--------+--------+--------+--------+-----+--------+
         Total |    807 |    807 |      0 |      0 |    616 |   2 |  403.5 |
       Dungeon |    807 |    807 |      0 |      0 |    616 |   2 |  403.5 |
               +--------+--------+--------+--------+--------+-----+--------+

Top non-repeatable levels by time:
     D:1: 762 daAuts
     D:2: 45 daAuts
